 Dungeon Crawl Stone Soup version 0.24.1-11-gbbbb2193e6 (webtiles) character file.

Game seed: 9758735944634310360, levelgen mode: deterministic

921 Mrkan the Archer (level 7, -3/61 HPs)
             Began as a Centaur Hunter on May 15, 2020.
             Was a Follower of Ru.
             Shot with an arrow by a centaur (15 damage)
             ... on level 5 of the Dungeon.
             The game lasted 00:13:17 (4882 turns).

Mrkan the Archer (Centaur Hunter)                   Turns: 4882, Time: 00:13:18

Health: -3/61      AC:  8    Str: 16    XL:     7   Next: 84%
Magic:  7/7        EV:  2    Int: 10    God:    Ru [*.....]
Gold:   124        SH:  0    Dex: 10    Spells: 6/6 levels left

rFire    . . .     SeeInvis .   b - +0 short sword
rCold    . . .     Gourm    .   (no shield)
rNeg     . . .     Faith    .   z - +0 plate armour
rPois    .         Spirit   .   (no helmet)
rElec    .         Reflect  .   u - scarf {cloud immunity}
rCorr    .         Harm     .   (no gloves)
MR       .....                  (no barding)
Stlth    ..........             (no amulet)
HPRegen  0.20/turn              (no ring)
MPRegen  0.10/turn              (no ring)

@: horrified, very quick
A: large, hooves 3, deformed body, speed 2, tough skin 3, cowardly
a: Renounce Religion


You were on level 5 of the Dungeon.
You worshipped Ru.
Ru was aware of your devotion.
You were not hungry.

You visited 1 branch of the dungeon, and saw 5 of its levels.

You collected 163 gold pieces.
You spent 39 gold pieces at shops.

Inventory:

Hand Weapons
 a - a +1 shortbow
 b - a +0 short sword (weapon)
Missiles
 d - 21 arrows
Armour
 l - a +0 ring mail
 u - a scarf of cloud immunity (worn)
 w - a +0 pair of gloves
 y - a +0 cloak
 z - a +0 plate armour (worn)
Jewellery
 p - an uncursed ring of positive energy
 x - the ring "Goupim" {Fire rElec rPois Str-3 Dex+6, unknown}
   (You found it on level 5 of the Dungeon)

   [ring of fire]

   It enhances your fire magic.
   It affects your strength (-3).
   It affects your dexterity (+6).
   It protects you from fire.
   It makes you vulnerable to cold.
   It insulates you from electricity.
   It protects you from poison.
 D - an uncursed ring of protection from fire {unknown}
Wands
 m - a wand of digging (4)
Scrolls
 c - 2 scrolls of magic mapping {unknown}
 e - 6 scrolls of identify {unknown}
 k - a scroll of enchant weapon {unknown}
 n - a scroll of amnesia {unknown}
 o - 2 scrolls of teleportation {unknown}
 q - 5 scrolls of remove curse {unknown}
 r - a scroll of blinking {unknown}
 A - a scroll of fear {unknown}
 B - a scroll of enchant armour {unknown}
Potions
 g - a potion of heal wounds {unknown}
 h - 2 potions of resistance {unknown}
 i - a potion of agility {unknown}
 j - 2 potions of might {unknown}
 s - a potion of lignification {unknown}
 t - a potion of curing
 v - a potion of degeneration {unknown}
 E - a potion of haste {unknown}
Comestibles
 f - 11 rations


   Skills:
 + Level 5.3 Fighting
 * Level 10.6 Bows
 + Level 1.3 Armour
 - Level 1.3 Dodging
 - Level 0.4 Stealth


You had 6 spell levels left.
You didn't know any spells.
Your spell library contained the following spells:

 Spells                   Type           Power        Failure   Level  Hunger
 Flame Tongue             Conj/Fire      #....        100%        1    ##.....
 Throw Flame              Conj/Fire      #.....       100%        2    ###....
 Conjure Flame            Conj/Fire      #.......     100%        3    ####...
 Inner Flame              Hex/Fire       #.......     100%        3    ####...
 Sticky Flame             Conj/Fire      #.......     100%        4    #####..
 Fireball                 Conj/Fire      #.........   100%        5    ######.


Dungeon Overview and Level Annotations

Branches:
Dungeon (5/15)
 Temple: D:4-7

Altars:
Makhleb
Ru
Trog
Uskayaw
Wu Jian
Yredelemnul

Shops:
D:4 !(}:

Annotations:
D:2 Sigmund


Innate Abilities, Weirdness & Mutations

You have hooves in place of feet.
Armour fits poorly on your strangely shaped body.
You cover ground very quickly.
You have extremely tough skin. (AC +3)
Your cowardice makes you less effective in combat with threatening monsters.


Message History

Firing (i - inventory) No suitable missiles.
Press: ? - help, Shift-Dir - straight line, f - crimson imp
Aim: a crimson imp You can't see any item there.
Okay, then.
d - 19 arrows (gained 2)
The leopard gecko bites you but does no damage.
The centaur unwields a +0 shortbow.
The centaur hits you but does no damage.
The crimson imp hits you but does no damage.
The centaur wields a +0 shortbow.
The centaur shoots an arrow.
The arrow hits you.
* * * LOW HITPOINT WARNING * * *
You see here 2 arrows.
d - 21 arrows (gained 2)
The leopard gecko bites you but does no damage.
You feel a twist of horror at the sight of this foe.
You feel a twist of horror at the sight of this foe.
The centaur shoots an arrow.
The arrow hits you!
You die...

###++###.....# #.....##..
#......#.....# ###.#.....
#.#..#.#.....# #.....##
#......#.....#####.......
#......#...........##.###
#.#..#.#.....#.........##
#...5..#....^..........##
###'5###.....#.........##
#...l.@...(#.........##
#..c................[#
#..........##.##.#.#.##
##.........##..#.#.#...
##......#.###.....####
########.#####....# #
#...........###
#..............
####......<....###


You could see a centaur, a crimson imp and a leopard gecko.

Vanquished Creatures
  3 phantoms
  An ogre (D:4)
  A big kobold (D:4)
  Blork the orc (D:4)
  2 hounds (D:5)
  3 orc wizards (D:5)
  A centaur zombie (D:5)
  Crazy Yiuf (D:4)
  3 worker ants
  5 adders
  4 gnolls (D:2)
  A shadow imp (D:5)
  A worm (D:5)
  2 dart slugs
  A leopard gecko (D:3)
  5 orcs
  3 bats
  3 giant cockroaches
  13 goblins
  9 hobgoblins
  5 quokkas
  A ball python (D:3)
  5 frilled lizards
  8 kobolds
  A quokka skeleton (D:4)
  5 rats
88 creatures vanquished.

Notes
Turn   | Place    | Note
-------+----------+-------------------------------------------
     0 | D:1      | Mrkan the Centaur Hunter began the quest for the Orb.
     0 | D:1      | Reached XP level 1. HP: 17/17 MP: 1/1
   157 | D:1      | Reached XP level 2. HP: 22/24 MP: 2/2
   643 | D:2      | Reached skill level 6 in Bows
   735 | D:2      | Reached XP level 3. HP: 19/30 MP: 3/3
  1280 | D:2      | Found a hide-covered altar of Uskayaw.
  1435 | D:2      | Reached XP level 4. HP: 11/38 MP: 4/4
  1483 | D:2      | Reached skill level 7 in Bows
  1770 | D:2      | Found a burning altar of Makhleb.
  1807 | D:2      | Noticed Sigmund
  1904 | D:3      | Found a sacrificial altar of Ru.
  1960 | D:3      | Became a worshipper of Ru the Awakened
  2635 | D:4      | Noticed a phantom
  2652 | D:4      | Killed a phantom
  2652 | D:4      | Reached skill level 8 in Bows
  2652 | D:4      | Reached XP level 5. HP: 33/46 MP: 5/5
  2783 | D:4      | Reached XP level 6. HP: 48/52 MP: 6/6
  2803 | D:4      | Found an ornate altar of the Wu Jian Council.
  2855 | D:4      | Found Xistren's Book Shop.
  2868 | D:4      | Noticed Blork the orc
  2874 | D:4      | Killed Blork the orc
  3237 | D:4      | Found Jagoolewn's Gadget Shoppe.
  3390 | D:4      | Found Ocreon's Distillery.
  3396 | D:4      | Bought a potion of curing for 39 gold pieces
  3402 | D:4      | Gained mutation: Your cowardice makes you less effective in
                  | combat with threatening monsters. [Ru sacrifice]
  3402 | D:4      | Reached * piety under Ru
  3501 | D:4      | Reached skill level 9 in Bows
  3576 | D:4      | Found a runed translucent door.
  3577 | D:4      | Noticed Crazy Yiuf
  3648 | D:4      | Found Pieggouh's Antique Weapon Shoppe.
  3728 | D:4      | Reached XP level 7. HP: 60/60 MP: 7/7
  3920 | D:4      | Killed Crazy Yiuf
  4042 | D:5      | Entered Level 5 of the Dungeon
  4075 | D:5      | Found a basalt altar of Yredelemnul.
  4195 | D:5      | Reached skill level 5 in Fighting
  4195 | D:5      | Reached skill level 10 in Bows
  4332 | D:5      | Reached skill level 1 in Armour
  4372 | D:5      | Got a smoking pewter ring
  4420 | D:5      | Found a bloodstained altar of Trog.
  4882 | D:5      | Shot with an arrow by a centaur

Levels and vault maps discovered:
D:1:      minmay_arrival_doors, layout_basic
D:2:      layout_loops_ring, eat_drink_and_be_merry_uskayaw,
          lemuel_doored_altar, bloody_makhleb, uniq_sigmund
D:3:      layout_rooms, nicolae_ru_the_path_less_chosen, minmay_goblin_outpost
D:4:      layout_loops_corners, first_ration, serial_shops, shop, shop, shop,
          shop, lemuel_statue_altar, uniq_crazy_yiuf_cottage, uniq_blork_the_orc
D:5:      layout_rooms, nicolae_overflow_crystal_walls, marbit_many_paths,
          kennysheep_generic_room_15

Skill      XL: |  1  2  3  4  5  6  7 |
---------------+----------------------+-----
Bows           | 6 8 9 10 | 10.6
Fighting       | 3 4 5 |  5.3
Armour         | 1 |  1.3
Dodging        | |  1.3
Stealth        | |  0.4

Action                   |  1- 3 |  4- 6 |  7- 9 || total
-------------------------+-------+-------+-------++-------
Melee: Short sword       |       |       |    16 ||    16
       Kick              |       |       |     9 ||     9
       Shortbow          |       |       |     2 ||     2
 Fire: Shortbow          |    77 |   177 |    87 ||   341
Invok: Sacrifice Courage |       |     1 |       ||     1
  Eat: Chunk             |       |     5 |     4 ||     9
Armor: Leather armour    |     8 |       |       ||     8
       Ring mail         |     4 |     9 |       ||    13
       Plate armour      |       |       |    65 ||    65
Dodge: Dodged            |     5 |    18 |    12 ||    35
